| TOP OF THE 1ST |
|
San Diego Padres batting - Pitching for Pittsburgh Pirates : LHP Stan Stirnweiss
|
|
Pitching: LHP Stan Stirnweiss
|
|
|
Batting: RHB C.J. Beavers
|
0-0: Ball 1-0: Ball 2-0: Called Strike 2-1: Ball 3-1: Base on Balls
|
|
Batting: SHB Phil Zacharia
|
0-0: Foul Ball, location: 2F 0-1: Ball 1-1: Swinging Strike 1-2: Strikes out swinging
|
|
Batting: RHB Hugo Bautista
|
0-0: Grounds into double play, 5-4-3 (Groundball, 15, EV 80.6 MPH)
|
| Top of the 1st over - 0 runs, 0 hits, 0 errors, 0 left on base; San Diego 0 - Pittsburgh 0 |
| BOTTOM OF THE 1ST |
|
Pittsburgh Pirates batting - Pitching for San Diego Padres : RHP Isaac Spikes
|
|
Pitching: RHP Isaac Spikes
|
|
|
Batting: LHB Jordan de Jesus
|
0-0: Ball 1-0: Reached on error, E1 (Groundball, 15S, EV 43.8 MPH)
|
|
Batting: RHB Chiel Palstermans
|
0-0: Ball 1-0: Grounds into double play, 4-6-3 (Groundball, 4, EV 80.0 MPH)
|
|
Batting: LHB Brad Pepin
|
0-0: Ball 1-0: Ball 2-0: Foul Ball, location: 2F 2-1: Swinging Strike 2-2: Strikes out swinging
|
| Bottom of the 1st over - 0 runs, 0 hits, 1 error, 0 left on base; San Diego 0 - Pittsburgh 0 |
| TOP OF THE 2ND |
|
San Diego Padres batting - Pitching for Pittsburgh Pirates : LHP Stan Stirnweiss
|
|
Batting: RHB Luis Torres
|
0-0: Ball 1-0: Ball 2-0: Foul Ball, location: 2F 2-1: Ball 3-1: Base on Balls
|
|
Batting: RHB Kaeo Zirpoli
|
0-0: Called Strike 0-1: Called Strike 0-2: Strikes out swinging
|
|
Batting: RHB Travis Robinson
|
0-0: Called Strike 0-1: Swinging Strike 0-2: Ball 1-2: Strikes out swinging
|
|
Batting: LHB Mike Holt
|
0-0: Ball 1-0: Ball Wild Pitch! Luis Torres to second 2-0: SINGLE (Groundball, 6MD, EV 95.6 MPH) Luis Torres to third Runner from 3rd tries for Home, SAFE, throw by CF to home
|
|
Batting: LHB James McCauley
|
0-0: Fielders Choice at 2nd, 6-4 (Groundball, 6, EV 82.5 MPH)
|
| Top of the 2nd over - 1 run, 1 hit, 0 errors, 1 left on base; San Diego 1 - Pittsburgh 0 |
| BOTTOM OF THE 2ND |
|
Pittsburgh Pirates batting - Pitching for San Diego Padres : RHP Isaac Spikes
|
|
Batting: LHB Micah Boshnjaku
|
0-0: Ball 1-0: Foul Ball, location: 2F 1-1: Swinging Strike 1-2: Ball 2-2: Foul Ball, location: 2F 2-2: Ball 3-2: Foul Ball, location: 2F 3-2: Foul Ball, location: 2F 3-2: Foul Ball, location: 2F 3-2: Base on Balls
|
|
Batting: RHB David Contreras
|
0-0: Fielders Choice at 2nd, 1-4 (Groundball, 25, EV 66.9 MPH)
|
|
Batting: LHB Xavier Pittman
|
0-0: Called Strike 0-1: Ball 1-1: Swinging Strike 1-2: Ball 2-2: Fielders Choice at 2nd, 2-4 (Groundball, 2L, EV 76.2 MPH)
|
|
Batting: SHB Jack Andrews
|
0-0: Ball 1-0: Ball 2-0: Ball 3-0: Called Strike 3-1: Foul Ball, location: 2F 3-2: Base on Balls Xavier Pittman to second
|
|
Batting: SHB Brad Day
|
0-0: Called Strike 0-1: DOUBLE (Flyball, 89D, EV 88.1 MPH) Xavier Pittman scores Jack Andrews to third
|
|
Batting: LHB Sammy Roddenberry
|
0-0: Ball 1-0: Foul Ball, location: 2F 1-1: Foul Ball, location: 2F 1-2: Ball 2-2: SINGLE (Line Drive, 9S, EV 100.0 MPH) Jack Andrews scores Brad Day to third Runner from 3rd tries for Home, SAFE, throw by RF to home
|
|
Batting: LHB Jordan de Jesus
|
0-0: Ball 1-0: Ball 2-0: Foul Ball, location: 2F 2-1: Foul Ball, location: 2F 2-2: Fielders Choice at 2nd, U4 (Groundball, 4M, EV 99.4 MPH)
|
| Bottom of the 2nd over - 3 runs, 2 hits, 0 errors, 1 left on base; San Diego 1 - Pittsburgh 3 |
| TOP OF THE 3RD |
|
San Diego Padres batting - Pitching for Pittsburgh Pirates : LHP Stan Stirnweiss
|
|
Batting: RHB Billy Crookston
|
0-0: Called Strike 0-1: Ball 1-1: Foul Ball, location: 2F 1-2: Ball 2-2: Foul Ball, location: 2F 2-2: SINGLE (Line Drive, 78S, EV 103.1 MPH)
|
|
Batting: RHB C.J. Beavers
|
0-0: Called Strike 0-1: Foul Ball, location: 2F 0-2: Grounds into double play, 4-6-3 (Groundball, 4, EV 80.6 MPH)
|
|
Batting: SHB Phil Zacharia
|
0-0: Ball 1-0: Called Strike 1-1: DOUBLE (Line Drive, 9LM, EV 107.5 MPH)
|
|
Batting: RHB Hugo Bautista
|
0-0: Ball 1-0: Ball 2-0: SINGLE (Flyball, 89S, EV 88.1 MPH) Phil Zacharia to third Runner from 3rd tries for Home, SAFE, throw by RF to home
|
|
Batting: RHB Luis Torres
|
0-0: Called Strike 0-1: Ball 1-1: Ball 2-1: Swinging Strike 2-2: Foul Ball, location: 2F 2-2: Strikes out looking
|
| Top of the 3rd over - 1 run, 3 hits, 0 errors, 1 left on base; San Diego 2 - Pittsburgh 3 |
| BOTTOM OF THE 3RD |
|
Pittsburgh Pirates batting - Pitching for San Diego Padres : RHP Isaac Spikes
|
|
Batting: RHB Chiel Palstermans
|
0-0: Foul Ball, location: 2F 0-1: SINGLE (Flyball, 34D, EV 90.0 MPH)
|
|
Batting: LHB Brad Pepin
|
0-0: Called Strike 0-1: Ball Chiel Palstermans steals 2nd base 1-1: Foul Ball, location: 2F 1-2: Ball 2-2: Ball 3-2: Foul Ball, location: 2F 3-2: Base on Balls
|
|
Batting: LHB Micah Boshnjaku
|
0-0: Called Strike 0-1: Ball 1-1: SINGLE (Line Drive, 4MD, EV 107.5 MPH) Chiel Palstermans to third Brad Pepin to second
|
|
Batting: RHB David Contreras
|
0-0: Called Strike 0-1: Ball 1-1: Grounds into double play, 4-6-3 (Groundball, 4, EV 110.6 MPH) Chiel Palstermans scores Brad Pepin to third
|
|
Batting: LHB Xavier Pittman
|
0-0: Foul Ball, location: 2F 0-1: Swinging Strike 0-2: Strikes out swinging
|
| Bottom of the 3rd over - 1 run, 2 hits, 0 errors, 1 left on base; San Diego 2 - Pittsburgh 4 |
| TOP OF THE 4TH |
|
San Diego Padres batting - Pitching for Pittsburgh Pirates : LHP Stan Stirnweiss
|
|
Batting: RHB Kaeo Zirpoli
|
0-0: Ball 1-0: Ball 2-0: Fly out, F9 (Line Drive, 9LS, EV 94.4 MPH)
|
|
Batting: RHB Travis Robinson
|
0-0: Ball 1-0: Ball 2-0: Called Strike 2-1: Fly out, F8 (Flyball, 8LD, EV 88.8 MPH)
|
|
Batting: LHB Mike Holt
|
0-0: Called Strike 0-1: Ground out 4-3 (Groundball, 4, EV 101.9 MPH)
|
| Top of the 4th over - 0 runs, 0 hits, 0 errors, 0 left on base; San Diego 2 - Pittsburgh 4 |
| BOTTOM OF THE 4TH |
|
Pittsburgh Pirates batting - Pitching for San Diego Padres : RHP Isaac Spikes
|
|
Batting: SHB Jack Andrews
|
0-0: Ball 1-0: Foul Ball, location: 2F 1-1: Ball 2-1: Foul Ball, location: 2F 2-2: Ball 3-2: Ground out 4-3 (Groundball, 4, EV 76.2 MPH)
|
|
Batting: SHB Brad Day
|
0-0: SINGLE (Line Drive, 6D, EV 104.4 MPH)
|
|
Batting: LHB Sammy Roddenberry
|
0-0: Called Strike 0-1: Hit by Pitch Brad Day to second
|
|
Batting: LHB Jordan de Jesus
|
0-0: Swinging Strike 0-1: Ball 1-1: Foul Ball, location: 2F 1-2: Ball 2-2: Strikes out swinging
|
|
Batting: RHB Chiel Palstermans
|
0-0: Foul Ball, location: 2F 0-1: Foul Ball, location: 2F 0-2: Ball 1-2: Foul Ball, location: 2F 1-2: Foul Ball, location: 2F 1-2: Ground out 5-3 (Groundball, 5S, EV 86.9 MPH)
|
| Bottom of the 4th over - 0 runs, 1 hit, 0 errors, 2 left on base; San Diego 2 - Pittsburgh 4 |
| TOP OF THE 5TH |
|
San Diego Padres batting - Pitching for Pittsburgh Pirates : LHP Stan Stirnweiss
|
|
Batting: LHB James McCauley
|
0-0: Called Strike 0-1: Ball 1-1: Foul Ball, location: 2F 1-2: Ball 2-2: Ball 3-2: Foul Ball, location: 2F 3-2: Foul Ball, location: 2F 3-2: Foul Ball, location: 2F 3-2: Base on Balls
|
|
Batting: RHB Billy Crookston
|
0-0: Ball 1-0: Ball 2-0: Ball 3-0: Foul Ball, location: 2F 3-1: Foul Ball, location: 2F 3-2: Strikes out swinging
|
|
Batting: RHB C.J. Beavers
|
0-0: Called Strike 0-1: Ball 1-1: Ball 2-1: Foul Ball, location: 2F 2-2: Foul Ball, location: 2F 2-2: Ball 3-2: Base on Balls James McCauley to second
|
|
Batting: SHB Phil Zacharia
|
0-0: Ball 1-0: Grounds into double play, 3-6-1 (Groundball, 34, EV 107.5 MPH)
|
| Top of the 5th over - 0 runs, 0 hits, 0 errors, 1 left on base; San Diego 2 - Pittsburgh 4 |
| BOTTOM OF THE 5TH |
|
Pittsburgh Pirates batting - Pitching for San Diego Padres : RHP Isaac Spikes
|
|
Batting: LHB Brad Pepin
|
0-0: Ball 1-0: Ball 2-0: Foul Ball, location: 2F 2-1: Ball 3-1: Called Strike 3-2: Strikes out swinging
|
|
Batting: LHB Micah Boshnjaku
|
0-0: Called Strike 0-1: SINGLE (Groundball, 4MD, EV 102.5 MPH) (infield hit)
|
|
Batting: RHB David Contreras
|
0-0: Called Strike 0-1: Swinging Strike 0-2: Ball 1-2: Foul Ball, location: 2F 1-2: Ball 2-2: Strikes out looking
|
|
Pitching: RHP Ching Ge
|
|
|
Batting: LHB Xavier Pittman
|
0-0: Ball Micah Boshnjaku steals 2nd base (no throw) 1-0: Ground out 3-1 (Groundball, 34S, EV 81.9 MPH)
|
| Bottom of the 5th over - 0 runs, 1 hit, 0 errors, 1 left on base; San Diego 2 - Pittsburgh 4 |
| TOP OF THE 6TH |
|
San Diego Padres batting - Pitching for Pittsburgh Pirates : LHP Stan Stirnweiss
|
|
Batting: RHB Hugo Bautista
|
0-0: Called Strike 0-1: Ball 1-1: Swinging Strike 1-2: Strikes out swinging
|
|
Batting: RHB Luis Torres
|
0-0: Ball 1-0: Ball 2-0: Swinging Strike 2-1: Ball 3-1: Fly out, F9 (Flyball, 9S, EV 91.9 MPH)
|
|
Batting: RHB Kaeo Zirpoli
|
0-0: Ball 1-0: Foul Ball, location: 2F 1-1: Ball 2-1: Foul Ball, location: 2F 2-2: Foul Ball, location: 2F 2-2: Ball 3-2: Base on Balls
|
|
Batting: RHB Travis Robinson
|
0-0: Called Strike 0-1: Ball 1-1: Ball 2-1: SINGLE (Line Drive, 8LS, EV 106.2 MPH) Kaeo Zirpoli to second Runner from 2nd tries for 3rd, SAFE, throw by CF made to third
|
|
Batting: LHB Mike Holt
|
0-0: Foul Ball, location: 2F 0-1: Foul Ball, location: 2F 0-2: Foul Ball, location: 2F 0-2: Ball 1-2: SINGLE (Groundball, 4S, EV 71.9 MPH) (infield hit) Kaeo Zirpoli scores Travis Robinson to second
|
|
Batting: LHB James McCauley
|
0-0: Ball 1-0: SINGLE (Flyball, 9LS, EV 92.5 MPH) Travis Robinson to third Mike Holt to second Runner from 3rd tries for Home, throw by RF and OUT! 9-2
|
| Top of the 6th over - 1 run, 3 hits, 0 errors, 2 left on base; San Diego 3 - Pittsburgh 4 |
| BOTTOM OF THE 6TH |
|
Pittsburgh Pirates batting - Pitching for San Diego Padres : RHP Ching Ge
|
|
Batting: SHB Jack Andrews
|
0-0: DOUBLE (Flyball, 8RXD, EV 87.5 MPH)
|
|
Batting: SHB Brad Day
|
0-0: Ball Jack Andrews steals 3rd base 1-0: Ball 2-0: Called Strike 2-1: Ground out 5-3 (Groundball, 56S, EV 60.0 MPH)
|
|
Batting: LHB Sammy Roddenberry
|
0-0: Called Strike 0-1: Ground out 1-3 (Groundball, 23, EV 72.5 MPH)
|
|
Batting: LHB Jordan de Jesus
|
0-0: Fly out, F8 (Flyball, 8LD, EV 107.5 MPH)
|
| Bottom of the 6th over - 0 runs, 1 hit, 0 errors, 1 left on base; San Diego 3 - Pittsburgh 4 |
| TOP OF THE 7TH |
|
San Diego Padres batting - Pitching for Pittsburgh Pirates : LHP Stan Stirnweiss
|
|
Batting: RHB Billy Crookston
|
0-0: Swinging Strike 0-1: Called Strike 0-2: Ball 1-2: Strikes out swinging
|
|
Batting: RHB C.J. Beavers
|
0-0: Ball 1-0: Ground out 5-3 (Groundball, 56, EV 85.6 MPH)
|
|
Batting: SHB Phil Zacharia
|
0-0: Foul Ball, location: 2F 0-1: Foul Ball, location: 2F 0-2: Ball 1-2: SINGLE (Groundball, 6MD, EV 98.8 MPH)
|
|
Batting: RHB Hugo Bautista
|
0-0: SINGLE (Groundball, 6MD, EV 96.2 MPH) Phil Zacharia to second Runner from 2nd tries for 3rd, SAFE, throw by CF made to third
|
|
Batting: RHB Luis Torres
|
0-0: Fly out, F3 (Popup, 23F, EV 86.2 MPH)
|
| Top of the 7th over - 0 runs, 2 hits, 0 errors, 2 left on base; San Diego 3 - Pittsburgh 4 |
| BOTTOM OF THE 7TH |
|
Pittsburgh Pirates batting - Pitching for San Diego Padres : RHP Ching Ge
|
|
Batting: RHB Chiel Palstermans
|
0-0: Ball 1-0: Ball 2-0: Called Strike 2-1: Foul Ball, location: 2F 2-2: Fly out, F9 (Flyball, 9D, EV 86.2 MPH)
|
|
Batting: LHB Brad Pepin
|
0-0: SINGLE (Groundball, 25, EV 73.1 MPH) (infield hit)
|
|
Batting: LHB Micah Boshnjaku
|
0-0: Ball 1-0: Called Strike Pickoff Throw to First - Error! E1 Brad Pepin to second 1-1: Ball 2-1: Foul Ball, location: 2F 2-2: Foul Ball, location: 2F 2-2: Ground out 4-3 (Groundball, 34D, EV 105.0 MPH) Brad Pepin to third
|
|
Batting: RHB David Contreras
|
0-0: Ball 1-0: Ball 2-0: Ball 3-0: Called Strike 3-1: Base on Balls
|
|
Batting: LHB Xavier Pittman
|
0-0: Fly out, F9 (Flyball, 9S, EV 86.9 MPH)
|
| Bottom of the 7th over - 0 runs, 1 hit, 1 error, 2 left on base; San Diego 3 - Pittsburgh 4 |
| TOP OF THE 8TH |
|
San Diego Padres batting - Pitching for Pittsburgh Pirates : LHP Stan Stirnweiss
|
|
Batting: RHB Kaeo Zirpoli
|
0-0: Called Strike 0-1: Ball 1-1: Ground out 6-3 (Groundball, 6M, EV 91.9 MPH)
|
|
Pitching: LHP Jimmy Vanthournoutingtonle
|
|
|
Batting: RHB Travis Robinson
|
0-0: Called Strike 0-1: Ball 1-1: SOLO HOME RUN (Flyball, 78XD, EV 105.0 MPH), Distance : 440 ft
|
|
Pinch Hitting: RHB Hildo Pot
|
0-0: DOUBLE (Line Drive, 8RXD, EV 103.1 MPH)
|
|
Pinch Hitting: RHB Jared Speck
|
0-0: Ball 1-0: Foul Ball, location: 2F 1-1: Ball 2-1: Foul Ball, location: 2F 2-2: Strikes out swinging
|
|
Batting: RHB Billy Crookston
|
0-0: Foul Ball, location: 2F 0-1: Ball 1-1: Called Strike 1-2: Ball 2-2: Strikes out swinging
|
| Top of the 8th over - 1 run, 2 hits, 0 errors, 1 left on base; San Diego 4 - Pittsburgh 4 |
| BOTTOM OF THE 8TH |
|
Pittsburgh Pirates batting - Pitching for San Diego Padres : RHP Ching Ge
|
|
Pitching: RHP Angelo Radford
|
|
|
Now at 1B: Hildo Pot
|
|
|
Now in LF: Jared Speck
|
|
|
Now in RF: C.J. Beavers
|
|
|
Batting: SHB Jack Andrews
|
0-0: Ball 1-0: Foul Ball, location: 2F 1-1: Called Strike 1-2: SINGLE (Line Drive, 8LS, EV 95.6 MPH)
|
|
Batting: SHB Brad Day
|
0-0: Called Strike 0-1: Ball 1-1: Ball 2-1: Sac Bunt to 2R - play at first, batter OUT! 2-3 Jack Andrews to second
|
|
Batting: LHB Sammy Roddenberry
|
0-0: Fly out, F4 (Line Drive, 34, EV 63.8 MPH)
|
|
Batting: LHB Jordan de Jesus
|
0-0: Foul Ball, location: 2F 0-1: Ball 1-1: Called Strike 1-2: Ground out 6-3 (Groundball, 6, EV 81.2 MPH)
|
| Bottom of the 8th over - 0 runs, 1 hit, 0 errors, 1 left on base; San Diego 4 - Pittsburgh 4 |
| TOP OF THE 9TH |
|
San Diego Padres batting - Pitching for Pittsburgh Pirates : LHP Jimmy Vanthournoutingtonle
|
|
Pitching: RHP Jeremy Kennie
|
|
|
Batting: RHB C.J. Beavers
|
0-0: Ground out 5-3 (Groundball, 25, EV 86.9 MPH)
|
|
Batting: SHB Phil Zacharia
|
0-0: Called Strike 0-1: Called Strike 0-2: Ball 1-2: Foul Ball, location: 2F 1-2: Strikes out looking
|
|
Batting: RHB Hugo Bautista
|
0-0: Ball 1-0: Ball 2-0: Ball 3-0: Fly out, F9 (Flyball, 9LM, EV 86.2 MPH)
|
| Top of the 9th over - 0 runs, 0 hits, 0 errors, 0 left on base; San Diego 4 - Pittsburgh 4 |
| BOTTOM OF THE 9TH |
|
Pittsburgh Pirates batting - Pitching for San Diego Padres : RHP Angelo Radford
|
|
Batting: RHB Chiel Palstermans
|
0-0: Ball 1-0: Foul Ball, location: 2F 1-1: Fly out, F9 (Flyball, 9, EV 90.0 MPH)
|
|
Batting: LHB Brad Pepin
|
0-0: Called Strike 0-1: Ground out 4-3 (Groundball, 13, EV 88.1 MPH)
|
|
Batting: LHB Micah Boshnjaku
|
0-0: Ball 1-0: Called Strike 1-1: Ground out 4-3 (Groundball, 34, EV 105.0 MPH)
|
| Bottom of the 9th over - 0 runs, 0 hits, 0 errors, 0 left on base; San Diego 4 - Pittsburgh 4 |
| TOP OF THE 10TH |
|
San Diego Padres batting - Pitching for Pittsburgh Pirates : RHP Jeremy Kennie
|
|
Batting: RHB Luis Torres
|
0-0: Called Strike 0-1: Fly out, F9 (Flyball, 9, EV 92.5 MPH)
|
|
Batting: RHB Kaeo Zirpoli
|
0-0: Foul Ball, location: 2F 0-1: Called Strike 0-2: Ball 1-2: Ball 2-2: Foul Ball, location: 2F 2-2: Ball 3-2: Strikes out swinging
|
|
Batting: RHB Travis Robinson
|
0-0: Ball 1-0: Ball 2-0: Foul Ball, location: 2F 2-1: Ball 3-1: Foul Ball, location: 2F 3-2: Ground out 4-3 (Groundball, 4, EV 81.9 MPH)
|
| Top of the 10th over - 0 runs, 0 hits, 0 errors, 0 left on base; San Diego 4 - Pittsburgh 4 |
| BOTTOM OF THE 10TH |
|
Pittsburgh Pirates batting - Pitching for San Diego Padres : RHP Angelo Radford
|
|
Pitching: LHP Jim Turan
|
|
|
Batting: RHB David Contreras
|
0-0: Called Strike 0-1: Swinging Strike 0-2: Ball 1-2: Strikes out looking
|
|
Batting: LHB Xavier Pittman
|
0-0: Swinging Strike 0-1: Called Strike 0-2: Ball 1-2: Ball 2-2: Ball 3-2: SINGLE (Flyball, 78S, EV 88.1 MPH)
|
|
Batting: SHB Jack Andrews
|
0-0: Called Strike Xavier Pittman steals 2nd base 0-1: Fly out, F8 (Flyball, 8LD, EV 98.8 MPH)
|
|
Batting: SHB Brad Day
|
0-0: Intentional Walk
|
|
Pinch Hitting: RHB Jason Moss
|
0-0: Ball 1-0: Foul Ball, location: 2F 1-1: Foul Ball, location: 2F 1-2: Foul Ball, location: 2F 1-2: Ball 2-2: SINGLE (Line Drive, 34D, EV 95.0 MPH) Xavier Pittman to third Brad Day to second Runner from 3rd tries for Home, SAFE, throw by RF to home
|
| Bottom of the 10th over - 1 run, 2 hits, 0 errors, 2 left on base; San Diego 4 - Pittsburgh 5 |
|